 Dungeon Crawl Stone Soup version 0.22-a0-558-gc2241811a9 (webtiles) character file.

210 Kholdaimon the Changer (level 5, -2/34 HPs)
             Began as an Octopode Transmuter on June 27, 2018.
             Killed from afar by an orc wizard (5 damage)
             ... with a magic dart
             ... on level 3 of the Dungeon.
             The game lasted 00:15:24 (2829 turns).

Kholdaimon the Changer (Octopode Transmuter)        Turns: 2829, Time: 00:15:24

Health: -2/34      AC:  1    Str: 10    XL:     5   Next: 87%
Magic:  9/9        EV: 14    Int: 16    God:
Gold:   169        SH:  0    Dex: 12    Spells: 6/9 levels left

rFire    . . .     SeeInvis .     - Unarmed
rCold    . . .     Gourm    .   (no shield)
rNeg     . . .     Faith    .   (helmet restricted)
rPois    .         Spirit   .   (no amulet)
rElec    .         Reflect  .   (no ring)
rCorr    .         Harm     .   (no ring)
MR       .....                  (no ring)
Stlth    ++........             (no ring)
HPRegen  0.11/turn              (no ring)
MPRegen  0.11/turn              (no ring)
                                (no ring)
                                (no ring)

@: no status effects
A: almost no armour, stealthy swim, amphibious, 8 rings, constrict 8, camouflage
1, gelatinous body 1
a: no special abilities


You were on level 3 of the Dungeon.
You were very hungry.

You visited 1 branch of the dungeon, and saw 3 of its levels.

You collected 169 gold pieces.

Inventory:

Missiles
 a - 53 arrows
 e - 131 stones (quivered)
 o - 7 tomahawks
Jewellery
 j - an uncursed ring of protection from cold {unknown}
 m - an uncursed ring of protection from magic {unknown}
 q - an uncursed ring of see invisible {unknown}
Scrolls
 b - 2 scrolls of identify {unknown}
 f - 2 scrolls of teleportation {unknown}
 h - 5 scrolls of remove curse {unknown}
 i - a scroll of magic mapping {unknown}
 n - a scroll of random uselessness {unknown}
 p - a scroll of fear {unknown}
 r - a scroll of enchant armour {unknown}
 s - a scroll of noise {unknown}
Potions
 d - a potion of curing {unknown}
 g - a potion of degeneration {unknown}
 k - a potion of ambrosia {unknown}
 l - a potion of flight {unknown}
 t - a potion of cancellation {unknown}
Comestibles
 c - 3 rations


   Skills:
 + Level 2.2 Fighting
 + Level 3.0 Dodging
 + Level 3.6 Unarmed Combat
 + Level 2.8 Spellcasting
 * Level 3.8 Transmutations


You had 6 spell levels left.
You knew the following spells:

 Your Spells              Type           Power        Failure   Level  Hunger
a - Beastly Appendage     Tmut           ##....       4%          1    #......
b - Sticks to Snakes      Tmut           ##......     6%          2    ##.....

Your spell library contained the following spells:

 Spells                   Type           Power        Failure   Level  Hunger
 Spider Form              Tmut/Pois      #.........   26%         3    ###....
 Blade Hands              Tmut           ##........   73%         5    ######.
 Ice Form                 Ice/Tmut       #.......     65%         4    #####..


Dungeon Overview and Level Annotations

Branches:
Dungeon (3/15)

Altars:


Innate Abilities, Weirdness & Mutations

You cannot wear most types of armour.
You are very stealthy in the water. (Stealth+)
You are amphibious.
You can wear up to eight rings at the same time.
You can use your tentacles to constrict eight enemies at once.
Your skin changes colour to match your surroundings (Stealth+).
Your rubbery body absorbs attacks. (AC +1, EV +1)


Message History

You tentacle-slap the goblin.
You kill the goblin!
You closely miss the hobgoblin. Your grab misses the hobgoblin.
Your tentacle spike misses the hobgoblin.
You kill the hobgoblin!
You tentacle-slap the hobgoblin. You grab the hobgoblin.
You kill the hobgoblin!
You tentacle-slap the goblin.
You kill the goblin!
Something hits you.
* * * LOW HITPOINT WARNING * * *
Items here: ))) †††
Things that are here:
a club; a goblin corpse You see here a club.
Your tentacle spike disappears.
A hobgoblin comes into view. It is wielding an enchanted trident.
A magic dart appears from out of thin air!
The magic dart hits you!
You die...

#.. #[# #)#
#r# #.# #g#
#)# #####.#
#@..r.#
#........g..
#...........
#####.####..
#.# . #.#
#.# .#


You could see a rat.

Vanquished Creatures
  2 orc wizards (D:3)
  Jessica (D:3)
  Robin (D:3)
  2 adders
  An ooze (D:2)
  An adder skeleton (D:2)
  A dart slug (D:1)
  A leopard gecko (D:3)
  6 orcs (D:3)
  10 bats
  5 giant cockroaches
  13 goblins
  16 hobgoblins
  7 frilled lizards
  7 kobolds
  7 rats
81 creatures vanquished.

Notes
Turn   | Place    | Note
-------+----------+-------------------------------------------
     0 | D:1      | Kholdaimon the Octopode Transmuter began the quest for the Orb.
     0 | D:1      | Reached XP level 1. HP: 13/13 MP: 3/3
   294 | D:1      | Reached XP level 2. HP: 14/18 MP: 5/5
   301 | D:1      | Learned a level 2 spell: Sticks to Snakes
   703 | D:2      | Reached XP level 3. HP: 20/23 MP: 6/6
  1925 | D:2      | Reached XP level 4. HP: 26/28 MP: 7/7
  2514 | D:3      | Reached XP level 5. HP: 25/34 MP: 6/8
  2730 | D:3      | Found a faded altar of an unknown god.
  2778 | D:3      | Noticed Jessica
  2783 | D:3      | Noticed Robin
  2792 | D:3      | Killed Robin
  2810 | D:3      | Killed Jessica
  2829 | D:3      | Killed from afar by an orc wizard

Vault maps used:
D:1:      dpeg_arrival_shrine, palyth_stone_intersect
D:2:      minmay_goblin_outpost
D:3:      grunt_temple_overflow_order_and_chaos_2,
          chequers_ecumenical_altar_simple_redux, minmay_misc_feat_square,
          uniq_robin, uniq_jessica

Skill      XL: |  1  2  3  4  5 |
---------------+----------------+-----
Transmutations | 3 |  3.8
Fighting       | 2 |  2.2
Dodging        | 3 |  3.0
Unarmed Combat | |  3.6
Spellcasting   | |  2.8

Action                   |  1- 3 |  4- 6 || total
-------------------------+-------+-------++-------
Melee: Unarmed           |    78 |    87 ||   165
       Constrict         |    20 |    22 ||    42
       Tentacles         |    12 |    10 ||    22
       Kick              |       |     9 ||     9
       Punch             |       |     2 ||     2
Throw: Stone             |     1 |       ||     1
 Cast: Beastly Appendage |     1 |     5 ||     6
 Stab: Sleeping          |     7 |     2 ||     9
  Eat: Chunk             |     2 |     3 ||     5
Armor: Skin              |     1 |     9 ||    10
Dodge: Dodged            |    38 |    60 ||    98

Table legend:
 A = Spawn XP
 B = Non-spawn XP
 C = Spawn XP percentage of total XP
 D = Spawn monster count
 E = Non-spawn monster count
 F = Spawn count percentage of total count
 G = Total turns spent on level
                    A         B        C        D         E        F      G
               +---------+---------+-------+---------+---------+-------+---------
         Total |       0 |     300 |   0.0 |       0 |      81 |   0.0 |  2829
               +---------+---------+-------+---------+---------+-------+---------
           D:1 |       0 |      25 |   0.0 |       0 |      14 |   0.0 |   671
           D:2 |       0 |      68 |   0.0 |       0 |      30 |   0.0 |  1530
           D:3 |       0 |     207 |   0.0 |       0 |      37 |   0.0 |   628
               +---------+---------+-------+---------+---------+-------+---------
